 Dungeon Crawl Stone Soup version 0.27.1-34-g3ba077fa99 (webtiles) character file.

Game seed: 2316514807393667351

17 McKennaii the Skirmisher (level 2, -1/24 HPs)
             Began as a Demonspawn Fighter on Jan 15, 2022.
             Killed from afar by Terence (8 damage)
             ... with a puff of flame
             ... on level 1 of the Dungeon.
             The game lasted 00:00:43 (769 turns).

McKennaii the Skirmisher (Demonspawn Fighter)        Turns: 769, Time: 00:00:44

Health: -1/24      AC:  8    Str: 16    XL:     2   Next: 44%
Magic:  2/2        EV:  6    Int:  9    God:
Gold:   42         SH:  8    Dex: 12    Spells: 1/1 levels left

rFire    . . .     SeeInvis .   a - +0 trident
rCold    . . .     Faith    .   c - +0 kite shield
rNeg     . . .     Spirit   .   b - +0 scale mail
rPois    .         Reflect  .   (no helmet)
rElec    .         Harm     .   (no cloak)
rCorr    .         Rampage  .   (no gloves)
Will     .....                  (no boots)
Stlth    ..........             (no amulet)
HPRegen  0.08/turn              (no ring)
MPRegen  0.08/turn              (no ring)

@: mighty
A: icy blue scales 1
a: no special abilities


You were on level 1 of the Dungeon.
You visited 1 branch of the dungeon, and saw 2 of its levels.

You collected 42 gold pieces.

Inventory:

Hand Weapons
 a - a +0 trident (weapon)
Armour
 b - a +0 scale mail (worn)
 c - a +0 kite shield (worn)
Scrolls
 e - a scroll of fear {unknown}
 f - a scroll of enchant weapon {unknown}
 g - a scroll of fog {unknown}


   Skills:
 + Level 3.1 Fighting
 * Level 2.2 Polearms
 + Level 2.8 Armour
 + Level 2.9 Shields


You had one spell level left.
You didn't know any spells.
Your spell library contained the following spells:

 Spells                   Type           Power      Damage    Failure   Level
 Inner Flame              Hex/Fire       0%         N/A       100%        3
 Cause Fear               Hex            0%         N/A       100%        4
 Discord                  Hex            0%         N/A       100%        8


Dungeon Overview and Level Annotations

Branches:
Dungeon (2/15)

Altars:

Annotations:
D:1 Terence


Innate Abilities, Weirdness & Mutations

You are partially covered in icy blue scales. (AC +2)


Message History

You see here a +0 dagger.
There is a stone staircase leading down here.
You climb downwards.
Terence shouts!
Found 6 gold pieces and a spear.
There is a stone staircase leading up here.
There are monsters nearby!
Found a pair of runed boots.
Found a stone staircase leading up.
You reach to attack!
You hit Terence.
Terence is moderately wounded.
Terence zaps a wand.
The puff of flame hits you!
You reach to attack!
You hit Terence but do no damage.
Terence is moderately wounded.
There is a stone staircase leading up here.
Terence hits you with a +0 mace.
You climb upwards.
There is a stone staircase leading down here.
You closely miss Terence.
Terence is moderately wounded.
Terence zaps a wand.
The puff of flame hits you. Terence barely misses you.
You hit Terence but do no damage.
Terence is moderately wounded.
Terence barely misses you.
You feel very mighty all of a sudden. Terence hits you but does no damage.
Your scale mail prevents you from hitting Terence.
Terence is moderately wounded.
Terence zaps a wand.
The puff of flame hits you.
* * * LOW HITPOINT WARNING * * *
Terence zaps a wand.
You block the puff of flame.
Your shield and scale mail prevent you from hitting Terence.
Terence is moderately wounded.
You block Terence's attack.
You barely miss Terence.
Terence is moderately wounded.
You block Terence's attack. x2
You puncture Terence!
Terence is severely wounded.
Terence zaps a wand.
The puff of flame hits you!
You die...

.........# #...# #.#
.........# #...# #.#
.........# #...# #.#
.........# #...#
#######.#
.........####...#
#.......#
............'...#
#.#########
...........##...#
#.#........
#.####.....##...##
#.#.#######
#...............@#
#.#.##.#
######....)##...@#
#.#....# #
#.....###.#.######.####.#
## ##
#.....##.........#.# #.#
#. >#
#.....##.........#.# #.#
#.
######.....##.........#.#
#.# #.
............#....)....#.#
#.# #.
............#.........#.#
#.###.
............#.........#.#
#.....


You could see Terence.

Vanquished Creatures
  3 giant cockroaches (D:1)
  A hobgoblin (D:1)
  3 jackals (D:1)
  A kobold (D:1)
  2 quokkas (D:1)
  A ball python (D:1)
  A bat (D:1)
  2 rats (D:1)
  A spectral goblin (D:1)
15 creatures vanquished.

Notes
Turn   | Place    | Note
-------+----------+-------------------------------------------
     0 | D:1      | McKennaii the Demonspawn Fighter began the quest for the
                  | Orb.
     0 | D:1      | Reached XP level 1. HP: 18/18 MP: 1/1
   166 | D:1      | Gained mutation: You are partially covered in icy blue
                  | scales. (AC +2) [demonic ancestry]
   166 | D:1      | Reached XP level 2. HP: 23/24 MP: 2/2
   441 | D:1      | Found a faded altar of an unknown god.
   756 | D:2      | Noticed Terence
   769 | D:1      | Killed from afar by Terence

Illustrated notes

Levels and vault maps discovered:
D:1:      amcnicky_arrival_choice, layout_basic,
          dreamdust_ecumenical_altar_drowned_temple
D:2:      layout_rooms, uniq_terence

Skill      XL: |  1 |
---------------+----+-----
Polearms       | 2 |  2.2
Fighting       | |  3.1
Armour         | |  2.8
Shields        | |  2.9

Action                   || total
-------------------------++-------
Melee: Trident           ||    53
  Use: Potion            ||     1
Armor: Scale mail        ||    21
Dodge: Dodged            ||    12
Block: Kite shield       ||    27
